 Dungeon Crawl Stone Soup version 0.26.1-2-gb8aa6d0cf2 (webtiles) character file.

Game seed: 16612876568468682675

70 nightchill the Poker (level 4, -11/34 HPs)
             Began as a Merfolk Gladiator on Mar 19, 2021.
             Was an Initiate of Elyvilon.
             Mangled by a gnoll
             ... wielding a +0 halberd
              (15 damage)
             ... on level 3 of the Dungeon.
             The game lasted 00:02:26 (1660 turns).

nightchill the Poker (Merfolk Gladiator)            Turns: 1660, Time: 00:02:26

Health: -11/34     AC:  6    Str: 15    XL:     4   Next: 22%
Magic:  4/4        EV: 12    Int:  7    God:    Elyvilon [......]
Gold:   90         SH:  0    Dex: 15    Spells: 3/3 levels left

rFire    . . .     SeeInvis .   a - +0 trident
rCold    . . .     Faith    .   (no shield)
rNeg     . . .     Spirit   .   l - +0 ring mail
rPois    .         Reflect  .   c - +0 helmet
rElec    .         Harm     .   (no cloak)
rCorr    .         Rampage  .   (no gloves)
Will     .....                  (no boots)
Stlth    +.........             (no amulet)
HPRegen  0.11/turn              (no ring)
MPRegen  0.09/turn              (no ring)

@: no status effects
A: change form in water, swift swim, stealthy swim
a: Renounce Religion


You were on level 3 of the Dungeon.
You worshipped Elyvilon.
Elyvilon was noncommittal.
You visited 1 branch of the dungeon, and saw 3 of its levels.

You collected 90 gold pieces.

Inventory:

Hand Weapons
 a - a +0 trident (weapon)
Missiles
 d - 3 throwing nets (quivered)
Armour
 b - a +0 leather armour
 c - a +0 helmet (worn)
 l - a +0 ring mail (worn)
Scrolls
 e - a scroll of identify {unknown}
 g - 3 scrolls of remove curse {unknown}
 k - a scroll of blinking {unknown}
 m - a scroll of noise {unknown}
 n - a scroll of fear {unknown}
 o - a scroll of immolation {unknown}
 r - a scroll of teleportation {unknown}
Potions
 f - a potion of brilliance {unknown}
 h - 2 potions of flight {unknown}
 i - 2 potions of attraction {unknown}
 j - 2 potions of heal wounds {unknown}
 p - a potion of berserk rage {unknown}
 q - 2 potions of ambrosia {unknown}


   Skills:
 + Level 2.8 Fighting
 * Level 6.4 Polearms
 - Level 2.0 Throwing
 - Level 4.0 Dodging
 + Level 1.2 Invocations


You had 3 spell levels left.
You didn't know any spells.
Your spell library was empty.

Dungeon Overview and Level Annotations

Branches:
Dungeon (3/15)

Altars:
Elyvilon


Message History

The gnoll is moderately wounded.
The gnoll hits you with a +0 halberd!
Ouch! That really hurt!
* * * LOW HITPOINT WARNING * * *
You hit the gnoll.
The gnoll is heavily wounded.
The gnoll hits you with a +0 halberd!
* * * LOW HITPOINT WARNING * * *
You hit the gnoll.
The gnoll is severely wounded.
The gnoll closely misses you.
You barely miss the gnoll.
The gnoll is severely wounded.
The gnoll closely misses you.
You closely miss the gnoll.
The gnoll is severely wounded.
You hit the gnoll.
The gnoll is almost dead.
The gnoll hits you with a +0 halberd!
You die...

# .. #. .
.. #. .###
...#..#†.
......#.#
#.......#
#######g#
###g#
#.###@#.#
#.....g.#
#.......###
#########


You could see a gnoll.

Vanquished Creatures
  2 gnolls
  2 adders (D:2)
  2 worms (D:2)
  A dart slug (D:1)
  A leopard gecko (D:2)
  2 bats
  A giant cockroach (D:2)
  6 goblins
  3 hobgoblins
  A frilled lizard (D:1)
  4 rats
25 creatures vanquished.

Notes
Turn   | Place    | Note
-------+----------+-------------------------------------------
     0 | D:1      | nightchill the Merfolk Gladiator began the quest for the
                  | Orb.
     0 | D:1      | Reached XP level 1. HP: 16/16 MP: 1/1
   112 | D:1      | Reached skill level 5 in Polearms
   140 | D:1      | Reached XP level 2. HP: 22/22 MP: 2/2
   776 | D:2      | Found a white marble altar of Elyvilon.
   786 | D:2      | Became a worshipper of Elyvilon the Healer
   870 | D:2      | Reached XP level 3. HP: 14/28 MP: 3/3
  1227 | D:2      | Reached skill level 6 in Polearms
  1545 | D:3      | Reached skill level 1 in Invocations
  1545 | D:3      | Reached XP level 4. HP: 33/34 MP: 4/4
  1660 | D:3      | Mangled by a gnoll

Illustrated notes

Levels and vault maps discovered:
D:1:      scummos_arrival_forest, layout_loops_ring, moated_statue,
          item_on_display_a
D:2:      layout_basic, elyvilon_altar_4, minmay_heptomino_h4
D:3:      layout_basic, lemuel_coloured_pillars_altar, minmay_vboxes

Skill      XL: |  1  2  3 |
---------------+----------+-----
Polearms       | 5 6 |  6.4
Invocations    | 1 |  1.2
Fighting       | |  2.8
Throwing       | |  2.0
Dodging        | |  4.0

Action                   |  1- 3 |  4- 6 || total
-------------------------+-------+-------++-------
Melee: Trident           |    97 |    13 ||   110
 Stab: Sleeping          |     1 |       ||     1
Armor: Leather armour    |     4 |       ||     4
       Ring mail         |    10 |     1 ||    11
Dodge: Dodged            |    38 |     7 ||    45
